 Dungeon Crawl Stone Soup version 0.22-a0-136-g83a10e5 (webtiles) character file.

375540 varam the Warrior (level 22, -3/211 HPs)
             Began as a Hill Orc Fighter on Feb 4, 2018.
             Was an Elder of Cheibriados.
             Slain by a grey draconian monk (26 damage)
             ... summoned by old memories
             ... in a wizard's laboratory on Feb 5, 2018.
             The game lasted 03:04:45 (54315 turns).

varam the Warrior (Hill Orc Fighter)               Turns: 54315, Time: 03:04:46

Health: -3/211     AC: 23    Str: 29    XL:     22   Next: 76%
Magic:  5/42       EV: 15    Int: 23    God:    Cheibriados [****..]
Gold:   633        SH: 22    Dex: 21    Spells: 15/32 levels left

rFire    + + +     SeeInvis .   w - +7 broad axe (freeze)
rCold    + + .     Gourm    .   c - +0 shield
rNeg     + + +     Faith    .   e - +0 scale mail of Past Mistakes {+Blink rF++ MR+ Str-4}
rPois    +         Spirit   .   U - +2 helmet
rElec    +         Reflect  +   G - +1 cloak
rCorr    .         Harm     .   s - +1 pair of gloves {archery}
MR       +++..     NoTele   +   g - +1 pair of boots of Indecent Exposure {-Tele rElec rF+ rC+++}
Stlth    ..........             p - +5 amulet of reflection
HPRegen  0.45/turn              F - ring of Eternal Night {rF+ rC- rN++ MR+ Int+4}
MPRegen  0.28/turn              l - ring of the Distant Future {rPois rN+ MP+9 Int-5 Slay+3}

@: very slow
A: agile 1, deterioration 1, strong 1
}: 2/15 runes: decaying, gossamer
a: Bend Time, Temporal Distortion, Slouch, Renounce Religion, Evoke Blink


You were in a wizard's laboratory.
You worshipped Cheibriados.
Cheibriados was greatly pleased with you.
You were hungry.

You visited 9 branches of the dungeon, and saw 40 of its levels.
You visited 1 bazaar.
You also visited: Ice Cave and Wizlab.

You collected 5055 gold pieces.
You spent 4422 gold pieces at shops.

Inventory:

Hand Weapons
 w - a +7 broad axe of freezing (weapon)
 A - the +8 frozen axe "Frostbite" {freezing cloud, *Noise +Fly rC+}
   (You took it off a deep elf high priest on level 3 of the Elven Halls)

   It has been specially enchanted to freeze those struck by it, causing extra
   injury to most foes and up to half again as much damage against particularly
   susceptible opponents.
   It can also slow down cold-blooded creatures.
   It protects you from cold.
   It lets you fly.
   It may make noises in combat.
 W - a +5 antimagic broad axe
Missiles
 h - 55 tomahawks (quivered)
Armour
 c - a +0 shield (worn)
 e - the +0 scale mail of Past Mistakes (worn) {+Blink rF++ MR+ Str-4}
   (You found it on level 3 of the Lair of Beasts)

   It affects your strength (-4).
   It greatly protects you from fire.
   It affects your resistance to hostile enchantments.
   It lets you blink.
 g - the +1 pair of boots of Indecent Exposure (worn) {-Tele rElec rF+ rC+++}
   (You found it on level 1 of the Vaults)

   It protects you from fire.
   It renders you almost immune to cold.
   It insulates you from electricity.
   It prevents most forms of teleportation.
 s - a +1 pair of gloves of archery (worn)
 y - a +2 chain mail of cold resistance
 G - a +1 cloak (worn)
 H - a scarf of cloud immunity
 U - a +2 helmet (worn)
 Y - a +2 pair of boots of flying
Magical Staves
 z - an uncursed staff of conjuration
Jewellery
 l - the ring of the Distant Future (right hand) {rPois rN+ MP+9 Int-5 Slay+3}
   (You found it on level 1 of the Swamp)

   [ring of magical power]

   It affects your intelligence (-5).
   It affects your accuracy and damage with ranged weapons and melee attacks
   (+3).
   It protects you from poison.
   It protects you from negative energy.
   It affects your magic capacity (+9).
 p - a +5 amulet of reflection (around neck)
 F - the ring of Eternal Night (left hand) {rF+ rC- rN++ MR+ Int+4}
   (You acquired it on level 1 of the Vaults)

   [ring of protection from fire]

   It affects your intelligence (+4).
   It protects you from fire.
   It makes you vulnerable to cold.
   It greatly protects you from negative energy.
   It affects your resistance to hostile enchantments.
 P - an uncursed amulet of the gourmand
Wands
 b - a wand of iceblast (20)
 i - a wand of flame (70)
 j - a wand of acid (9)
 r - a wand of paralysis (36)
 D - a wand of disintegration (60)
 N - a wand of clouds (8)
 Z - a wand of polymorph (28)
Scrolls
 k - 15 scrolls of teleportation
 m - 18 scrolls of remove curse
 o - 17 scrolls of identify
 t - 10 scrolls of fog
 C - 3 scrolls of noise
 J - 2 scrolls of enchant armour
 M - 3 scrolls of magic mapping
 Q - 3 scrolls of fear
 S - 11 scrolls of blinking
 X - 2 scrolls of amnesia
Potions
 d - 6 potions of brilliance
 n - 3 potions of cancellation
 u - 18 potions of curing
 v - 6 potions of agility
 x - 5 potions of flight
 K - a potion of magic
 R - 2 potions of might
Miscellaneous
 a - a fan of gales
 q - a phial of floods
 B - a sack of spiders
 L - a phial of floods
 O - a phantom mirror
 V - 2 boxes of beasts
Comestibles
 f - 65 rations


   Skills:
 + Level 20.7 Fighting
 - Level 18.0 Axes
 + Level 17.7 Armour
 - Level 6.0 Dodging
 - Level 20.0 Shields
 + Level 5.5 Spellcasting
 - Level 1.4 Charms
 - Level 2.1 Necromancy
 + Level 6.1 Translocations
 - Level 15.6 Invocations
 - Level 12.8 Evocations


You had 15 spell levels left.
You knew the following spells:

 Your Spells              Type           Power        Failure   Level  Hunger
a - Blink                 Tloc           N/A          1%          2    None
b - Shroud of Golubria    Chrm/Tloc      ###.......   4%          2    None
c - Song of Slaying       Chrm           ##......     12%         2    None
d - Regeneration          Chrm/Necr      ##........   21%         3    ##.....
e - Controlled Blink      Tloc           N/A          100%        8    #######


Dungeon Overview and Level Annotations

Branches:
Dungeon (15/15)            Temple (1/1) D:6            Lair (6/6) D:10
  Swamp (4/4) Lair:4       Spider (4/4) Lair:4        Slime (0/5) Lair:5
    Orc (2/2) D:11            Elf (3/3) Orc:2        Vaults (4/5) D:14
  Crypt (0/3) Vaults:3     Depths (1/5) D:15

Altars:
Ashenzari
Cheibriados
Dithmenos
Elyvilon
Fedhas
Gozag
Hepliaklqana
Kikubaaqudgha
Makhleb
Nemelex Xobeh
Okawaru
Qazlal
Ru
Sif Muna
Trog
Uskayaw
Vehumet
Wu Jian
Xom
Yredelemnul
Zin
The Shining One
Beogh

Shops:
D:4 *}=([   D:6 [=   D:8 (=[   D:13 =   D:15 %   Orc:2 [?:(   Elf:2 [(([:
Vaults:1 *   Vaults:2 :

Portals:
Hell: Depths:1
Ziggurat: Depths:1

Annotations:
Lair:5 exclusion: 3 oklob plants
Vaults:1 1 exclusion


Innate Abilities, Weirdness & Mutations

You are agile. (Dex +2)
Your body sometimes deteriorates upon taking damage.
Your muscles are strong. (Str +2)


Message History

You slice the deep troll!! You freeze the deep troll.
You kill the deep troll!
The deep troll's corpse dissolves into shadows!
You barely miss the deep troll. You block the deep troll's attack. x2
The deep troll misses you.
The grey draconian monk barely misses you.
You block the grey draconian monk's attack. x2
The grey draconian monk tail-slaps you.
* * * LOW HITPOINT WARNING * * *
You hit the grey draconian monk but do no damage.
The grey draconian monk is almost dead.
You slash the deep troll! You freeze the deep troll.
The deep troll closely misses you. The deep troll claws you.
* * * LOW HITPOINT WARNING * * *
You block the deep troll's attack.
You hit the grey draconian monk but do no damage.
The grey draconian monk is almost dead.
You hit the deep troll. You freeze the deep troll.
The grey draconian monk hits you!!
You die...

♣♣♣♣
♣♣♣♣♣♣♣♣♣♣♣.♣.♣♣
♣♣♣.♣......♣......
♣♣..........q.T#
♣............@#
..........####
#......## ##....##
##..♣# . ##...##
..#+#.....#
.........##
.........♣


You could see a grey draconian monk and a deep troll.

Vanquished Creatures
  An Ice Fiend (IceCv)
  A titan (Vaults:4)
  3 deep elf blademasters
  2 sphinxes
  An ancient champion (Vaults:3)
  A deep elf master archer (Elf:3)
  The ghost of emikaela the Impaler, an adept MfCK of Trog (Spider:4)
  Frances (Elf:1)
  Kirke (Spider:3)
  A shadow dragon (Vaults:4)
  An orc warlord (Orc:1)
  8 vault wardens
  A fire giant (Vaults:4)
  2 tengu reavers
  14 deep elf sorcerers
  2 ghost moths
  7 emperor scorpions (Spider:4)
  5 deep elf elementalists
  12 ironheart preservers
  8 entropy weavers
  3 very ugly things (Depths:1)
  A war gargoyle (Vaults:1)
  7 stone giants
  8 deep elf demonologists
  A deep elf annihilator (Elf:3)
  Azrael (Spider:3)
  2 spark wasps (Spider:4)
  A crystal guardian (Vaults:3)
  Snorg (Orc:2)
  4 ettins
  8 deep elf death magi
  A fire dragon (Vaults:1)
  6 ice dragons
  3 deep elf high priests (Elf:3)
  The ghost of SpeedyPerson7 the Demolition Dwarf, a journeyman DDFi of Makhleb (Lair:2)
  4 great orbs of eyes
  3 rakshasas
  7 yaktaur captains
  Erolcha (Orc:2)
  30 hydras
  2 vault guards (Vaults:1)
  4 ghost crabs
  6 centaur warriors
  12 alligators
  32 two-headed ogres
  23 dancing weapons
  11 ogre magi
  2 death knights
  2 deep troll shamans
  A queen ant (Spider:3)
  11 death yaks
  A titan zombie (Vaults:4)
  The ghost of Alarkh the Carver, a journeyman GrMo of Zin (D:9)
  2 deep troll earth magi
  A spriggan berserker (Swamp:4)
  14 deep elf knights
  Sonja (Orc:2)
  A storm dragon zombie (Vaults:4)
  A shadow wraith (Vaults:1)
  4 unseen horrors
  13 skeletal warriors
  13 swamp dragons
  7 deep trolls
  2 flayed ghosts (Vaults:3)
  6 deep elf archers
  A tengu zombie (Vaults:3)
  A shadow dragon zombie (Vaults:4)
  A spriggan druid (Swamp:1)
  2 shambling mangroves (Swamp:4)
  A lindwurm (Lair:5)
  2 wizards (Vaults:2)
  A phantasmal warrior (D:14)
  3 harpies (Vaults:3)
  5 necromancers
  15 ironbrand convokers
  13 orc knights
  2 stone giant zombies (Vaults:4)
  43 ugly things
  11 orb spiders
  A salamander (D:15)
  12 orc sorcerers
  23 wolf spiders
  57 deep elf magi
  8 cyclopes
  3 human zombies (Vaults:4)
  A cyclops (shapeshifter) (Vaults:3)
  4 manticores
  2 moths of wrath
  4 black mambas
  A centaur zombie (D:13)
  A stone giant skeleton (Vaults:3)
  A black mamba (shapeshifter) (Vaults:2)
  10 elephants
  A torpor snail (Lair:2)
  8 vault sentinels
  4 ice statues (IceCv)
  2 gargoyles
  2 demonic crawlers
  5 spectral swamp worms (Depths:1)
  14 spiny frogs
  4 centaur skeletons
  8 komodo dragons
  A yaktaur zombie (Vaults:1)
  3 freezing wraiths
  2 anaconda simulacra (IceCv)
  23 yaktaurs
  A kobold demonologist (D:15)
  2 golden dragon simulacra (IceCv)
  9 ice devils (IceCv)
  A human skeleton (Vaults:1)
  3 tyrant leeches
  A queen bee (Lair:2)
  22 jumping spiders
  Prince Ribbit (D:6)
  7 trolls
  3 polar bears
  A polar bear (shapeshifter) (Vaults:1)
  15 hornets
  23 blink frogs
  3 dream sheep
  9 bog bodies
  16 hippogriffs
  33 slime creatures
  2 air elementals
  Duvessa (D:6)
  Sigmund (D:6)
  3 shadows
  53 redbacks
  A tarantella (shapeshifter) (Vaults:3)
  2 wyverns
  16 spriggans
  20 tarantellas
  6 wraiths
  5 hogs (Spider:3)
  A vampire (D:14)
  4 fire elementals
  61 yaks
  3 hungry ghosts
  4 dire elephant simulacra (IceCv)
  A steam dragon (D:9)
  20 vampire mosquitoes
  27 insubstantial wisps
  A harpy simulacrum (IceCv)
  7 wargs
  A water moccasin (shapeshifter) (Vaults:1)
  3 hell hounds (Spider:3)
  17 soldier ants (Spider:3)
  An acid dragon (Vaults:2)
  16 water moccasins
  14 swamp worms
  2 deep troll skeletons
  An iron troll simulacrum (IceCv)
  A floating eye (shapeshifter) (D:15)
  3 porcupines
  2 ice beasts
  40 orc warriors
  8 swamp drakes
  A hornet zombie (D:9)
  4 black bears
  An elf zombie (Vaults:4)
  A necrophage (D:9)
  6 sky beasts
  An elf skeleton (Vaults:4)
  2 eyes of draining (shapeshifter)
  2 eyes of draining
  3 phantoms
  5 centaurs
  41 ogres
  An orc zombie (Vaults:1)
  27 wolves
  2 boggarts (Lair:6)
  11 crocodiles
  5 big kobolds
  13 bullfrogs
  A wyvern zombie (D:13)
  An earth elemental (Elf:2)
  Dowan (D:6)
  4 scorpions
  25 killer bees (Lair:2)
  4 wights
  5 electric eels
  2 howler monkeys (D:7)
  8 crimson imps
  2 human simulacra
  The ghost of stickyfingers the Scratcher, a weakling FeCK of Xom (D:3)
  6 jellies
  6 hounds
  22 orc priests
  40 orc wizards
  2 bullfrog skeletons
  Jessica (D:3)
  7 gnoll shamans
  4 iguanas
  33 worker ants
  10 adders
  36 gnolls
  A shadow imp (D:15)
  An adder skeleton (D:4)
  5 worms
  A dart slug (D:1)
  6 leopard geckos
  99 orcs
  8 giant cockroaches
  5 goblins
  7 hobgoblins
  19 jackals
  8 quokkas
  A bat (D:2)
  7 frilled lizards
  A jackal zombie (D:8)
  15 kobolds
  7 rats
  5 fungi
  3 plants
1689 creatures vanquished.

Vanquished Creatures (collateral kills)
  A hydra (Lair:6)
  A black mamba (Lair:6)
  A basilisk (Lair:6)
  An ice beast (D:11)
4 creatures vanquished.

Vanquished Creatures (others)
  A deep elf master archer (Elf:3)
  A stone giant (Depths:1)
  2 deep elf demonologists
  A yaktaur captain (Vaults:1)
  A rakshasa (Vaults:2)
  A swamp dragon (Swamp:4)
  3 deep elf archers
  2 deep elf magi
  An ugly thing (Vaults:2)
  2 cyclopes (Vaults:2)
  9 yaktaurs
  A tarantella (Spider:3)
  A human (Spider:3)
  An ice beast (D:6)
  3 centaurs
  A killer bee (D:5)
  A wight (D:7)
  An orc wizard (Orc:2)
  2 orcs (Orc:2)
  3 bushes (Lair:4)
  21 fungi
  7 plants
66 creatures vanquished.

Grand Total: 1759 creatures vanquished

Notes
Turn   | Place    | Note
-------+----------+-------------------------------------------
     0 | D:1      | varam the Hill Orc Fighter began the quest for the Orb.
     0 | D:1      | Reached XP level 1. HP: 19/19 MP: 1/1
   162 | D:1      | Reached skill level 3 in Axes
   335 | D:1      | Reached XP level 2. HP: 26/26 MP: 2/2
   961 | D:2      | Reached XP level 3. HP: 31/31 MP: 3/3
   971 | D:2      | Reached skill level 4 in Shields
  1035 | D:2      | Reached skill level 4 in Axes
  1058 | D:2      | Found a glowing silver altar of Zin.
  1272 | D:2      | Reached XP level 4. HP: 13/39 MP: 4/4
  1602 | D:2      | Noticed a phantom
  1667 | D:2      | Killed a phantom
  1667 | D:2      | Reached skill level 5 in Axes
  1667 | D:2      | Reached XP level 5. HP: 24/45 MP: 5/5
  2036 | D:3      | Reached skill level 6 in Axes
  2172 | D:3      | Found a shattered altar of Ashenzari.
  2184 | D:3      | Noticed stickyfingers's ghost (weakling FeCK)
  2186 | D:3      | Noticed Jessica
  2190 | D:3      | Killed stickyfingers's ghost
  2190 | D:3      | Reached skill level 5 in Shields
  2193 | D:3      | Killed Jessica
  2193 | D:3      | Reached XP level 6. HP: 51/51 MP: 6/6
  2258 | D:3      | Found a shadowy altar of Dithmenos.
  2659 | D:4      | Found Ikisupe's Gadget Shop.
  2737 | D:4      | Found Ususiofedgh's Jewellery Shoppe.
  2758 | D:4      | Reached skill level 7 in Axes
  2917 | D:4      | Found a bloodstained altar of Trog.
  2966 | D:4      | Found Enaottad's Weapon Emporium.
  3229 | D:4      | Found Qelim's Armour Emporium.
  3245 | D:4      | Reached XP level 7. HP: 46/57 MP: 7/7
  3256 | D:4      | Found an iron altar of Okawaru.
  3397 | D:4      | Reached skill level 8 in Axes
  3463 | D:4      | Reached skill level 6 in Shields
  3466 | D:4      | Got a pair of dazzling boots
  3501 | D:4      | Reached skill level 1 in Evocations
  3667 | D:4      | Identified the -3 pair of boots "Ynamm" {MR+ Str-5 Dex+2} (You found it on level 4 of the Dungeon)
  3719 | D:4      | Reached skill level 4 in Fighting
  4336 | D:4      | Found Yjeicet's Assorted Antiques.
  4344 | D:4      | Reached skill level 2 in Evocations
  4344 | D:4      | Reached XP level 8. HP: 66/67 MP: 9/9
  4370 | D:4      | Reached skill level 4 in Armour
  4467 | D:4      | Reached skill level 5 in Fighting
  4732 | D:4      | Bought a twitching pewter ring for 130 gold pieces
  4732 | D:4      | Identified the ring of Doudgh {Int+4 Dex+3} (You bought it in a shop on level 4 of the Dungeon)
  4879 | D:4      | Reached skill level 7 in Shields
  4920 | D:5      | Entered Level 5 of the Dungeon
  4924 | D:5      | Reached skill level 3 in Evocations
  5018 | D:5      | Found an ornate altar of the Wu Jian Council.
  5020 | D:5      | Found a deep blue altar of Sif Muna.
  5029 | D:5      | Found a sacrificial altar of Ru.
  5443 | D:5      | Reached skill level 5 in Armour
  5447 | D:5      | Found a runed door.
  5457 | D:5      | Found a runed door.
  5513 | D:5      | Reached skill level 6 in Fighting
  5548 | D:5      | Reached XP level 9. HP: 48/75 MP: 11/11
  5734 | D:6      | Reached skill level 4 in Evocations
  5789 | D:6      | Noticed Sigmund
  5934 | D:6      | Killed Sigmund
  6080 | D:6      | Reached skill level 8 in Shields
  6081 | D:6      | Reached skill level 6 in Armour
  6204 | D:6      | Noticed Duvessa
  6205 | D:6      | Noticed Dowan
  6229 | D:6      | Killed Duvessa
  6229 | D:6      | Reached skill level 7 in Fighting
  6232 | D:6      | Killed Dowan
  6255 | D:6      | Found Tasi's Jewellery Emporium.
  6314 | D:6      | Found a staircase to the Ecumenical Temple.
  6320 | Temple   | Entered the Ecumenical Temple
  6449 | Temple   | Became a worshipper of Cheibriados the Contemplative
  6714 | D:6      | Found Utarou Betz's Antique Armour Shoppe.
  6732 | D:6      | Bought a scorched cloak for 190 gold pieces
  6737 | D:6      | Identified the -5 cloak "Jofefusy" {-Cast Regen+ Dex+3} (You bought it in a shop on level 6 of the Dungeon)
  6796 | D:6      | Reached skill level 1 in Invocations
  7012 | D:6      | Noticed Prince Ribbit
  7056 | D:6      | HP: 3/79 [Prince Ribbit (5)]
  7393 | D:6      | Reached skill level 2 in Invocations
  7613 | D:7      | Reached skill level 3 in Invocations
  7624 | D:7      | Reached skill level 7 in Armour
  7637 | D:7      | Reached skill level 8 in Fighting
  7637 | D:7      | Reached XP level 10. HP: 51/88 MP: 13/13
  7681 | D:7      | Reached skill level 9 in Shields
  7681 | D:7      | Reached skill level 4 in Invocations
  7686 | D:7      | Reached * piety under Cheibriados
  7950 | D:7      | Found a hazy altar of Hepliaklqana.
  8359 | D:8      | Found Jecw's Weapon Emporium.
  8367 | D:8      | Found Qoanuet's Jewellery Emporium.
  8405 | D:8      | Found Mubbom's Armour Emporium.
  8412 | D:8      | Got a dazzling leather armour
  8423 | D:8      | Identified the cursed +0 leather armour of Xiokoelasi {MR+} (You found it on level 8 of the Dungeon)
  9221 | D:9      | Reached skill level 5 in Invocations
  9231 | D:9      | Noticed Alarkh's ghost (journeyman GrMo)
  9462 | D:9      | Reached skill level 9 in Axes
  9731 | D:10     | Entered Level 10 of the Dungeon
  9862 | D:11     | Noticed a cyclops
  9876 | D:11     | Killed a cyclops
  9876 | D:11     | Reached skill level 9 in Fighting
  9876 | D:11     | Reached skill level 8 in Armour
 10108 | D:10     | Noticed a red ugly thing
 10500 | D:10     | Got a transparent morningstar
 10501 | D:10     | Identified the +4 morningstar of Frustration {crush, rElec rF- rC+ rN+} (You found it on level 10 of the Dungeon)
 10603 | D:11     | Noticed an eight-headed hydra
 11117 | D:10     | Reached skill level 6 in Invocations
 11260 | D:9      | Noticed a two-headed ogre
 11278 | D:9      | Killed a two-headed ogre
 11278 | D:9      | Reached XP level 11. HP: 27/97 MP: 12/15
 11579 | D:9      | Reached ** piety under Cheibriados
 11579 | D:9      | Reached skill level 10 in Shields
 11661 | D:9      | Noticed a two-headed ogre
 11682 | D:9      | Killed a two-headed ogre
 11682 | D:9      | Reached skill level 10 in Axes
 11689 | D:9      | Noticed a dagger
 11704 | D:9      | Reached skill level 7 in Invocations
 11745 | D:9      | Noticed a dagger
 11748 | D:9      | Found a hide-covered altar of Uskayaw.
 11778 | D:9      | Noticed a two-headed ogre
 11784 | D:9      | Killed a two-headed ogre
 11805 | D:9      | Noticed a two-headed ogre
 11815 | D:9      | Killed a two-headed ogre
 11831 | D:9      | Reached skill level 9 in Armour
 12206 | D:10     | Noticed a death yak
 12230 | D:10     | Reached skill level 10 in Fighting
 12246 | D:10     | Killed a death yak
 12264 | D:10     | Reached skill level 5 in Evocations
 12293 | D:10     | HP: 7/99 [yak (10)]
 12296 | D:10     | Reached skill level 8 in Invocations
 12712 | D:9      | Reached *** piety under Cheibriados
 12938 | D:9      | Killed Alarkh's ghost
 13190 | D:10     | Found a staircase to the Lair.
 13623 | D:11     | Reached XP level 12. HP: 102/107 MP: 18/18
 13640 | D:11     | Reached skill level 11 in Axes
 13663 | D:11     | Killed a ten-headed hydra
 14270 | D:11     | Found a staircase to the Orcish Mines.
 14548 | D:12     | Reached skill level 11 in Shields
 14563 | D:12     | Reached skill level 6 in Evocations
 14580 | D:12     | Reached skill level 9 in Invocations
 14911 | D:12     | Reached **** piety under Cheibriados
 14938 | D:12     | Reached skill level 10 in Armour
 14969 | D:12     | Got a jewelled fustibalus
 14970 | D:12     | Identified the +0 fustibalus "Killer Klown's Doom" {venom, Int+4 Stlth+} (You found it on level 12 of the Dungeon)
 15658 | Orc:1    | Entered Level 1 of the Orcish Mines
 15667 | Orc:2    | Entered Level 2 of the Orcish Mines
 15667 | Orc:2    | Noticed an orc warlord
 16003 | Orc:1    | Killed an orc warlord
 16262 | Orc:2    | Reached skill level 12 in Axes
 16681 | Orc:1    | Found a roughly hewn altar of Beogh.
 16862 | Orc:2    | Reached skill level 10 in Invocations
 16862 | Orc:2    | Reached skill level 7 in Evocations
 16911 | Orc:2    | Reached XP level 13. HP: 102/115 MP: 20/20
 17321 | Orc:2    | Noticed Snorg
 17339 | Orc:2    | Killed Snorg
 17339 | Orc:2    | Reached skill level 1 in Dodging
 17601 | Orc:2    | Found a staircase to the Elven Halls.
 17668 | Orc:1    | Reached skill level 12 in Shields
 18849 | Orc:2    | Found a roughly hewn altar of Beogh.
 18850 | Orc:2    | Noticed Erolcha
 19061 | Lair:1   | Entered Level 1 of the Lair of Beasts
 19176 | Lair:1   | Reached skill level 13 in Axes
 19990 | Lair:2   | Reached skill level 2 in Dodging
 20144 | Lair:2   | Noticed SpeedyPerson7's ghost (journeyman DDFi)
 20189 | Lair:2   | Killed SpeedyPerson7's ghost
 20269 | Lair:2   | Noticed a great orb of eyes
 20269 | Lair:2   | a seven-headed hydra changed into a great orb of eyes
 20271 | Lair:2   | Paralysed by a great orb of eyes for 7 turns
 20287 | Lair:2   | Paralysed by a great orb of eyes for 4 turns
 20292 | Lair:2   | Killed a great orb of eyes
 21033 | Lair:3   | Reached ***** piety under Cheibriados
 21072 | Lair:3   | Reached skill level 3 in Dodging
 21078 | Lair:3   | Reached skill level 13 in Shields
 21173 | Lair:3   | Reached skill level 14 in Axes
 21402 | D:6      | Bought a pair of runed gloves for 150 gold pieces
 21402 | D:6      | Bought a glowing scarf for 160 gold pieces
 21754 | Lair:3   | Got a translucent scale mail
 21765 | Lair:3   | Identified the cursed +0 scale mail of Past Mistakes {+Blink rF++ MR+ Str-4} (You found it on level 3 of the Lair of Beasts)
 22112 | Lair:4   | Found a staircase to the Swamp.
 22365 | Lair:4   | HP: 11/115 [poisoned by a redback]
 22370 | Lair:4   | HP: 9/115 [poisoned by a redback]
 22375 | Lair:4   | HP: 7/115 [poisoned by a redback]
 22380 | Lair:4   | HP: 6/115 [poisoned by a redback]
 22385 | Lair:4   | HP: 5/115 [poisoned by a redback]
 22391 | Lair:4   | HP: 5/115 [poisoned by a redback]
 22400 | Lair:4   | HP: 5/115 [poisoned by a redback]
 22406 | Lair:4   | HP: 6/115 [poisoned by a redback]
 22412 | Lair:4   | HP: 7/115 [poisoned by a redback]
 22418 | Lair:4   | HP: 8/115 [poisoned by a redback]
 22863 | Lair:4   | Found a hole to the Spider Nest.
 22982 | Lair:4   | Reached XP level 14. HP: 122/122 MP: 21/21
 23068 | Lair:4   | Reached skill level 15 in Axes
 23196 | Lair:4   | Reached skill level 14 in Shields
 24677 | Lair:5   | Reached skill level 16 in Axes
 24761 | Lair:5   | Found a staircase to the Slime Pits.
 24831 | Lair:5   | Reached skill level 11 in Fighting
 24853 | Lair:5   | Reached ****** piety under Cheibriados
 24856 | Lair:5   | Reached skill level 15 in Shields
 24901 | Lair:5   | Learned a level 2 spell: Blink
 25417 | Lair:6   | Entered Level 6 of the Lair of Beasts
 25611 | Lair:6   | Reached XP level 15. HP: 110/132 MP: 22/22
 25845 | Lair:6   | Reached skill level 12 in Fighting
 25874 | Lair:6   | Reached skill level 16 in Shields
 26183 | Lair:6   | Paralysed by a hornet for 1 turns
 26200 | Lair:6   | Reached skill level 8 in Evocations
 26825 | Orc:1    | Learned a level 2 spell: Shroud of Golubria
 26829 | Orc:1    | Learned a level 3 spell: Regeneration
 26832 | Orc:1    | Learned a level 2 spell: Song of Slaying
 26862 | Orc:2    | Noticed Sonja
 26862 | Orc:2    | Killed Sonja
 26868 | Orc:2    | Paralysed by an orc sorcerer for 3 turns
 26871 | Orc:2    | Reached skill level 13 in Fighting
 26900 | Orc:2    | Paralysed by an orc sorcerer for 3 turns
 26903 | Orc:2    | Reached skill level 1 in Charms
 26903 | Orc:2    | Reached skill level 1 in Translocations
 26948 | Orc:2    | Found Betafopp's Antique Armour Boutique.
 26967 | Orc:2    | Found Igyad's Antique Weapon Shop.
 27017 | Orc:2    | Found an ancient bone altar of Kikubaaqudgha.
 27033 | Orc:2    | Found Tixzab's Book Shop.
 27045 | Orc:2    | Paralysed by Erolcha for 7 turns
 27054 | Orc:2    | Killed Erolcha
 27054 | Orc:2    | Reached skill level 1 in Spellcasting
 27074 | Orc:2    | Found Xileclil's Magic Scroll Shop.
 27182 | Orc:2    | Found a radiant altar of Vehumet.
 27499 | Orc:2    | Bought a broad axe for 140 gold pieces
 27535 | Orc:2    | Bought 3 scrolls of brand weapon for 780 gold pieces
 27538 | Orc:2    | Bought a scroll of enchant weapon for 97 gold pieces
 27538 | Orc:2    | Bought a scroll of enchant weapon for 97 gold pieces
 28202 | D:13     | Found the amulet of the Air {Inacc +Fly rElec EV+5 RMsl}
 28265 | D:13     | Found Baosab's Jewellery Emporium.
 28587 | D:14     | Reached skill level 17 in Axes
 29018 | D:15     | Entered Level 15 of the Dungeon
 29291 | D:14     | Reached skill level 18 in Axes
 29422 | D:14     | Reached XP level 16. HP: 144/144 MP: 23/23
 29447 | D:14     | Found a gate to the Vaults.
 29614 | D:15     | Found a shadowy altar of Dithmenos.
 29914 | D:15     | Reached skill level 14 in Fighting
 29936 | D:15     | Found Qasuuk's Food Emporium.
 30219 | D:15     | Found a staircase to the Depths.
 30736 | Swamp:1  | Entered Level 1 of the Swamp
 30998 | D:6      | Killed Prince Ribbit
 31062 | D:4      | Bought an uncursed ring of poison resistance for 220 gold pieces
 31472 | Swamp:1  | Found a transporter.
 31501 | Swamp:1  | Reached skill level 1 in Necromancy
 31740 | Swamp:1  | Found a transporter.
 31746 | Swamp:1  | Got a warped lead ring
 31761 | Swamp:1  | Got a translucent glass ring
 31768 | Swamp:1  | Identified the ring "Xoruet" {*Contam +Inv rPois Stlth+} (You found it on level 1 of the Swamp)
 31770 | Swamp:1  | Identified the ring of the Distant Future {rPois rN+ MP+9 Int-5 Slay+3} (You found it on level 1 of the Swamp)
 31814 | Swamp:1  | Gained mutation: You are weak. (Str -2) [mutagenic glow]
 32674 | Swamp:2  | Reached skill level 2 in Translocations
 32704 | Swamp:2  | Reached skill level 2 in Spellcasting
 32908 | Swamp:2  | Reached skill level 2 in Necromancy
 33349 | Swamp:2  | Reached skill level 11 in Armour
 33451 | Swamp:2  | Got a dazzling broad axe
 33452 | Swamp:2  | Identified the +1 broad axe "Papuiste" {venom, rC++} (You found it on level 2 of the Swamp)
 33548 | Swamp:2  | Reached skill level 15 in Fighting
 33754 | Swamp:3  | Reached skill level 4 in Dodging
 34321 | Swamp:4  | Entered Level 4 of the Swamp
 34507 | Swamp:4  | Reached XP level 17. HP: 77/156 MP: 24/24
 34792 | Swamp:4  | Reached skill level 5 in Dodging
 35081 | Swamp:4  | Reached skill level 12 in Armour
 35669 | Swamp:4  | Got a decaying rune of Zot
 35775 | Swamp:4  | Reached skill level 17 in Shields
 35867 | Swamp:4  | Reached skill level 16 in Fighting
 35867 | Swamp:4  | Reached skill level 6 in Dodging
 36355 | Vaults:1 | Entered Level 1 of the Vaults
 37002 | Vaults:1 | Reached skill level 13 in Armour
 37144 | Vaults:1 | Reached XP level 18. HP: 124/168 MP: 25/25
 37784 | Vaults:1 | Got a warped lapis lazuli ring
 37838 | Vaults:1 | Found Kahah's Assorted Antiques.
 37847 | Vaults:1 | Bought a potion of heal wounds for 225 gold pieces
 37847 | Vaults:1 | Bought a scroll labeled MAKHLOE FOXTU for 45 gold pieces
 37851 | Vaults:1 | Got a twitching granite ring
 37853 | Vaults:1 | Identified the ring of Ruorch {rF+ Stlth+} (You found it on level 1 of the Vaults)
 37854 | Vaults:1 | Identified the ring of Eternal Night {rF+ rC- rN++ MR+ Int+4} (You acquired it on level 1 of the Vaults)
 37949 | Vaults:1 | Got a pair of ancient boots
 37960 | Vaults:1 | Identified the +1 pair of boots of Indecent Exposure {-Tele rElec rF+ rC+++} (You found it on level 1 of the Vaults)
 38180 | Vaults:2 | Reached skill level 17 in Fighting
 38250 | Vaults:2 | Reached skill level 9 in Evocations
 38516 | Vaults:2 | Reached skill level 18 in Shields
 38650 | Vaults:2 | Reached skill level 11 in Invocations
 38756 | Vaults:2 | Reached skill level 14 in Armour
 38760 | Vaults:2 | Found Vyesuun's Book Shop.
 39166 | Vaults:2 | Noticed a Tzitzimitl
 39182 | Vaults:2 | Reached XP level 19. HP: 53/177 MP: 2/27
 39724 | Vaults:2 | Reached skill level 10 in Evocations
 39951 | Vaults:3 | Reached skill level 12 in Invocations
 40287 | Vaults:3 | Reached skill level 18 in Fighting
 40828 | Vaults:3 | Found a staircase to the Crypt.
 41140 | Vaults:3 | Reached skill level 13 in Invocations
 41146 | Vaults:3 | Reached skill level 15 in Armour
 41474 | Vaults:4 | Reached skill level 11 in Evocations
 41572 | Vaults:4 | Reached XP level 20. HP: 184/189 MP: 29/29
 41579 | Vaults:4 | Reached skill level 19 in Shields
 43321 | Spider:1 | Entered Level 1 of the Spider Nest
 43746 | Spider:1 | Reached skill level 14 in Invocations
 44197 | Spider:1 | Lost mutation: You are weak. (Str -2) [potion of mutation]
 44197 | Spider:1 | Gained mutation: You are agile. (Dex +2) [potion of mutation]
 44197 | Spider:1 | Gained mutation: Your body sometimes deteriorates upon taking damage. [potion of mutation]
 44197 | Spider:1 | Gained mutation: Your muscles are strong. (Str +2) [potion of mutation]
 44788 | Spider:3 | Found a frozen archway.
 44792 | IceCv    | Entered an ice cave
 45202 | Spider:3 | Reached skill level 19 in Fighting
 45205 | Spider:3 | Noticed Azrael
 45222 | Spider:3 | Killed Azrael
 45276 | Spider:3 | Noticed Kirke
 45289 | Spider:3 | Killed Kirke
 45289 | Spider:3 | Reached skill level 12 in Evocations
 46104 | Spider:4 | Entered Level 4 of the Spider Nest
 46174 | Spider:4 | Got a crude bronze ring
 46177 | Spider:4 | Identified the ring of Wussuashat {rPois rF+ rC+ rN+ Int-5} (You found it on level 4 of the Spider Nest)
 46249 | Spider:4 | Reached skill level 16 in Armour
 46261 | Spider:4 | Reached XP level 21. HP: 154/198 MP: 32/32
 46436 | Spider:4 | Noticed emikaela's ghost (adept MfCK)
 46459 | Spider:4 | Killed emikaela's ghost
 47093 | Spider:4 | Reached skill level 15 in Invocations
 47321 | Spider:4 | Identified the +4 battleaxe of Fragile Peace {chop, rF+ Str+6} (You found it on level 4 of the Spider Nest)
 47509 | Spider:4 | Got a gossamer rune of Zot
 48203 | Elf:1    | Entered Level 1 of the Elven Halls
 48894 | Elf:1    | Noticed Frances
 48912 | Elf:1    | Killed Frances
 49136 | Elf:1    | Identified Pimig's Compendium of the Eternal Void
 49500 | Elf:2    | Reached skill level 20 in Shields
 49535 | Elf:2    | Found Xedorous's Antique Weapon Emporium.
 49542 | Elf:2    | Found Apnuricveg's Book Shoppe.
 49542 | Elf:2    | Found Qer Own's Weapon Emporium.
 49548 | Elf:2    | Found Faeluw's Antique Armour Shoppe.
 49559 | Elf:2    | Bought a book of the Warp for 1170 gold pieces
 49936 | Elf:2    | Found Higic's Armour Shop.
 50015 | Elf:2    | Reached skill level 3 in Translocations
 50017 | Elf:2    | Found a huge runed gate.
 50017 | Elf:2    | Found a huge runed gate.
 50017 | Elf:2    | Found a huge runed gate.
 50027 | Elf:2    | Learned a level 8 spell: Controlled Blink
 50028 | Elf:2    | Found a huge runed gate.
 50029 | Elf:2    | Found a huge runed gate.
 50228 | Elf:2    | Reached skill level 3 in Spellcasting
 50443 | Elf:2    | Reached skill level 20 in Fighting
 50449 | Elf:2    | Reached XP level 22. HP: 116/209 MP: 33/33
 50729 | Elf:3    | Entered Level 3 of the Elven Halls
 51051 | Elf:3    | Found a flickering gateway to a bazaar.
 51059 | Bazaar   | Entered a bazaar
 51073 | Bazaar   | Found Gadag's Magic Scroll Emporium.
 51073 | Bazaar   | Found Ydghink's Magic Scroll Shoppe.
 51095 | Bazaar   | Found Ezxij's Distillery.
 51095 | Bazaar   | Found Jasug's Distillery.
 51118 | Bazaar   | Found Ositwini's Antique Armour Emporium.
 51118 | Bazaar   | Found Hoerofab's General Store.
 51225 | Bazaar   | Bought a scroll of acquirement for 728 gold pieces
 51225 | Bazaar   | Bought a scroll of magic mapping for 49 gold pieces
 51225 | Bazaar   | Bought a scroll of magic mapping for 49 gold pieces
 51225 | Bazaar   | Bought a scroll of blinking for 105 gold pieces
 51225 | Bazaar   | Bought a scroll of teleportation for 42 gold pieces
 51231 | Bazaar   | Bought a scroll of magic mapping for 45 gold pieces
 51237 | Bazaar   | Got a dazzling hat
 51243 | Bazaar   | Identified the +1 hat of the Dozen Stories {Str+3} (You acquired it in a bazaar)
 51780 | Elf:3    | Reached skill level 4 in Translocations
 51811 | Elf:3    | Reached skill level 17 in Armour
 51881 | Elf:3    | Reached skill level 4 in Spellcasting
 52597 | Elf:3    | Got a shimmering flail {crush}
 52609 | Elf:3    | Reached skill level 5 in Translocations
 53205 | Elf:3    | Identified the +4 flail of Popo {crush, rC++ Str+3 Int-3} (You took it off a deep elf elementalist on level 3 of the Elven Halls)
 53211 | Elf:3    | Identified the +4 flail of Skirmishing {vamp, MR+} (You took it off a deep elf death mage on level 3 of the Elven Halls)
 53300 | Elf:3    | Got a warped hand axe {flame}
 53301 | Elf:3    | Identified the cursed +0 hand axe of Gariused {flame, rF+ rN++ Int-2 SInv} (You took it off a deep elf death mage on level 3 of the Elven Halls)
 53559 | Elf:3    | Reached skill level 5 in Spellcasting
 53826 | Depths:1 | Entered Level 1 of the Depths
 53826 | Depths:1 | Found a gateway to a ziggurat.
 53936 | Depths:1 | Found a gateway to Hell.
 54042 | Depths:1 | Reached skill level 6 in Translocations
 54085 | Depths:1 | Found a magical portal.
 54094 | WizLab   | Entered Wucad Mu's Monastery
 54315 | WizLab   | Slain by a grey draconian monk

Vault maps used:
D:1:      dpeg_arrival_ternary
D:2:      overflow_temple_1_default, st_stairs_1
D:3:      ashenzari_altar_1, lemuel_doored_altar, kennysheep_jessica_study
D:4:      lemuel_castle_with_subvaults, bloody_trog, kennysheep_little_box,
          serial_shops, shop, nicolae_shop_behind_doors, kennysheep_mini_moat,
          shop, shop, kennysheep_generic_room_12
D:5:      lemuel_insect_pit, minitemple, first_ration
D:6:      minmay_temple_entry_fiery, serial_shops, shop_statue,
          nicolae_shop_window_shopping, kennysheep_minor_cross,
          uniq_prince_ribbit1, uniq_sigmund, uniq_duvessa
D:7:      nicolae_overflow_crystal_walls, serial_glass, glass_columns_b,
          glass_columns_c, glass_columns_b, glass_columns_c, glass_columns_c,
          glass_columns_b
D:8:      serial_shops, nicolae_shop_trees, shop, shop
D:9:      dancing_weapons_uskayaw
D:10:     argonaut_augean_stables, lair_entry_dummy
D:11:     erik_orc_1
D:13:     serial_shops, shop_fountains
D:14:     erik_vaults_1, kennysheep_doodads, hangedman_ranch, hex_tiny
D:15:     hangedman_depths_entry_try_elsewhere_first, basic_altar, serial_shops,
          nicolae_shop_window_shopping
Temple:   minmay_temple_forest_path
Lair:1:   lemuel_fruit_fields
Lair:2:   minivault_11
Lair:3:   grunt_megastairs_3
Lair:4:   minmay_swamp_entry_swarm, spider_nest_entry_funnel_web
Lair:5:   minmay_slime_entry_oklob_open, st_stairs_10, ldierk_geyser,
          minmay_lair_oklob_chamber
Lair:6:   minmay_lair_end_enchanted_forest, grunt_megastairs_1
Swamp:1:  gammafunk_its_a_trap, evilmike_swamp_ruin_house_1, swamp_pool3,
          hangedman_swamp_pad
Swamp:2:  infiniplex_staircase_pool
Swamp:3:  evilmike_swamp_ruin_rubble_1, swamp_pool3
Swamp:4:  swamp_basic_johnstein
Spider:1: guppyfry_spider_mini_2
Spider:2: uniq_arachne
Spider:3: portal_ice_cave_entry_pillars_three, zaba_antful_of_joy, uniq_kirke,
          uniq_azrael
Spider:4: grunt_spider_rune_circles
Orc:1:    nicolae_orc_accident_1, basic_altar
Orc:2:    kennysheep_orc_mage_school, uniq_snorg, uniq_sonja
Elf:1:    minmay_elf_arrival_circle, minmay_elf_sorcery, uniq_frances
Elf:2:    serial_shops, shop, minmay_shoptagon
Elf:3:    minmay_elf_hall_quartered_circle, serial_shops, bzr_entry_dummy
Vaults:1: nicolae_vaults_hallways_thing, nicolae_vaults_windows_and_doors_thing,
          vaults_room_semicircle, vaults_mumra_bighexcomb, vaults_room_fours,
          v_misc_8, nicolae_vaults_circle_grid_a, nicolae_vaults_sealed_display,
          vaults_room_pools, nicolae_vaults_circle_grid_a, v_misc_27,
          ontoclasm_vaults_ring_square, nicolae_vaults_puzzle_piece,
          serial_shops, shop
Vaults:2: vaults_room_semicircle, vaults_room_pools,
          nicolae_vaults_mini_display_case, vaults_room_corners,
          vaults_room_fancy_cross, vaults_room_corners, ontoclasm_vaults_pinch,
          v_misc_24, ontoclasm_vaults_claustrophobia, vaults_room_hallway,
          nicolae_vaults_c_with_doors, vaults_room_corners, serial_shops, shop
Vaults:3: nicolae_vaults_little_squares_5, minmay_crypt_entry_simple_round,
          hangedman_vaults_pinch, nicolae_vaults_branching_niches,
          ontoclasm_vaults_spin, nicolae_vaults_alarming, vaults_dpeg_spiral,
          ontoclasm_vaults_gateway
Vaults:4: st_lattice, hangedman_vaults_snaps, nicolae_vaults_rhombus_5,
          v_misc_24, nicolae_vaults_angled_halls, vaults_dpeg_diagonal
Depths:1: enter_ziggurat_e, infiniplex_enter_wizlab_spiral,
          pf_hell_entry_tar_river, lemuel_statue_altar
Bazaar:   bazaar_long_row
IceCv:    ice_cave_tombish
WizLab:   wizlab_wucad

Skill      XL: |  1  2  3  4  5  6  7  8  9 10 11 12 13 14 15 16 17 18 19 20 21 22 |
---------------+-------------------------------------------------------------------+-----
Axes           | 3 4 5 6 7 8 9 10 12 14 16 18 | 18.0
Shields        | 4 5 6 7 8 9 10 11 13 15 16 17 18 19 20 | 20.0
Evocations     | 2 3 4 5 7 8 9 11 12 | 12.8
Fighting       | 4 6 8 9 10 11 13 15 16 17 18 19 20 | 20.7
Armour         | 5 7 8 9 10 11 13 14 15 16 17 | 17.7
Invocations    | 3 6 8 10 11 13 14 15 | 15.6
Dodging        | 3 4 6 |  6.0
Charms         | 1 |  1.4
Translocations | 1 2 3 6 |  6.1
Spellcasting   | 1 2 3 5 |  5.5
Necromancy     | 2 |  2.1

Action                   |  1- 3 |  4- 6 |  7- 9 | 10-12 | 13-15 | 16-18 | 19-21 | 22-24 || total
-------------------------+-------+-------+-------+-------+-------+-------+-------+-------++-------
Melee: War axe           |    89 |   228 |   583 |   732 |  1076 |   278 |       |       ||  2986
       Hand axe          |       |       |       |   106 |       |       |       |       ||   106
       Morningstar       |       |       |       |     1 |       |    12 |       |       ||    13
       Broad axe         |       |       |       |       |   170 |   784 |  1321 |   354 ||  2629
Throw: Tomahawk          |       |       |       |     2 |    11 |       |     7 |       ||    20
 Cast: Shroud of Golubri |       |       |       |       |       |     1 |       |       ||     1
       Song of Slaying   |       |       |       |       |       |     2 |       |       ||     2
Invok: Bend Time         |       |       |       |    23 |    29 |     2 |    11 |     4 ||    69
       Temporal Distorti |       |       |       |     3 |       |       |       |       ||     3
       Slouch            |       |       |       |     1 |    14 |    13 |    12 |    12 ||    52
Evoke: Wand              |       |       |     5 |    32 |    25 |     3 |    16 |     2 ||    83
  Use: Potion            |       |     2 |     3 |     2 |     4 |     1 |     2 |     6 ||    20
       Scroll            |       |    10 |     5 |    10 |    24 |     9 |     9 |     7 ||    74
 Stab: Distracted        |       |       |       |     1 |       |       |     1 |       ||     2
       Paralysed         |       |       |       |       |     9 |       |       |       ||     9
  Eat: Chunk             |     1 |     7 |    15 |    17 |    19 |    10 |    21 |     1 ||    91
       Ration            |       |       |       |     1 |     3 |     3 |     2 |     2 ||    11
Armor: Scale mail        |    38 |    50 |       |       |       |       |    88 |   119 ||   295
       Chain mail        |       |    46 |   241 |   229 |   404 |   354 |   223 |       ||  1497
       Plate armour      |       |       |       |       |       |    52 |       |       ||    52
Dodge: Dodged            |    21 |    41 |    90 |   128 |   337 |   336 |   383 |   177 ||  1513
Block: Shield            |    43 |   115 |   413 |   615 |  1073 |  1040 |  1216 |   400 ||  4915
       Reflection        |       |       |     6 |    15 |    17 |    43 |    73 |    22 ||   176

Table legend:
 A = Spawn XP
 B = Non-spawn XP
 C = Spawn XP percentage of total XP
 D = Spawn monster count
 E = Non-spawn monster count
 F = Spawn count percentage of total count
 G = Total turns spent on level
                    A         B        C        D         E        F      G
               +---------+---------+-------+---------+---------+-------+---------
         Total |       0 |  681352 |   0.0 |       0 |    1715 |   0.0 | 54315
               +---------+---------+-------+---------+---------+-------+---------
           D:1 |       0 |      27 |   0.0 |       0 |       8 |   0.0 |   909
           D:2 |       0 |     216 |   0.0 |       0 |      28 |   0.0 |  1118
           D:3 |       0 |     126 |   0.0 |       0 |      20 |   0.0 |   627
           D:4 |       0 |    1368 |   0.0 |       0 |      82 |   0.0 |  2422
           D:5 |       0 |     751 |   0.0 |       0 |      29 |   0.0 |   915
           D:6 |       0 |    1786 |   0.0 |       0 |      21 |   0.0 |  1509
           D:7 |       0 |    1192 |   0.0 |       0 |      19 |   0.0 |   726
           D:8 |       0 |     918 |   0.0 |       0 |      10 |   0.0 |  1288
           D:9 |       0 |    7204 |   0.0 |       0 |      33 |   0.0 |  1601
          D:10 |       0 |    4804 |   0.0 |       0 |      23 |   0.0 |  3026
          D:11 |       0 |    3409 |   0.0 |       0 |      34 |   0.0 |  1955
          D:12 |       0 |    7899 |   0.0 |       0 |      39 |   0.0 |  1456
          D:13 |       0 |    6439 |   0.0 |       0 |      22 |   0.0 |   631
          D:14 |       0 |   13991 |   0.0 |       0 |      41 |   0.0 |  1148
          D:15 |       0 |   10462 |   0.0 |       0 |      27 |   0.0 |   868
        Lair:1 |       0 |     433 |   0.0 |       0 |       3 |   0.0 |  1070
        Lair:2 |       0 |    6427 |   0.0 |       0 |      38 |   0.0 |  1188
        Lair:3 |       0 |    3555 |   0.0 |       0 |      14 |   0.0 |  1055
        Lair:4 |       0 |   13227 |   0.0 |       0 |      56 |   0.0 |  2231
        Lair:5 |       0 |   16194 |   0.0 |       0 |      45 |   0.0 |  1236
        Lair:6 |       0 |   23736 |   0.0 |       0 |      84 |   0.0 |  1174
       Swamp:1 |       0 |    9693 |   0.0 |       0 |      26 |   0.0 |  1318
       Swamp:2 |       0 |   12010 |   0.0 |       0 |      32 |   0.0 |  1070
       Swamp:3 |       0 |   13844 |   0.0 |       0 |      47 |   0.0 |   723
       Swamp:4 |       0 |   37454 |   0.0 |       0 |      61 |   0.0 |  1583
      Spider:1 |       0 |    9123 |   0.0 |       0 |      27 |   0.0 |  1301
      Spider:2 |       0 |    2885 |   0.0 |       0 |       8 |   0.0 |   142
      Spider:3 |       0 |   29175 |   0.0 |       0 |      92 |   0.0 |  1064
      Spider:4 |       0 |   36436 |   0.0 |       0 |      64 |   0.0 |  1621
         Orc:1 |       0 |    5065 |   0.0 |       0 |      50 |   0.0 |  1604
         Orc:2 |       0 |   13172 |   0.0 |       0 |      74 |   0.0 |  2486
         Elf:1 |       0 |   20566 |   0.0 |       0 |      30 |   0.0 |  1132
         Elf:2 |       0 |   53585 |   0.0 |       0 |      69 |   0.0 |  1415
         Elf:3 |       0 |   56601 |   0.0 |       0 |      46 |   0.0 |  2625
      Vaults:1 |       0 |   42256 |   0.0 |       0 |      80 |   0.0 |  2112
      Vaults:2 |       0 |   70064 |   0.0 |       0 |     112 |   0.0 |  1547
      Vaults:3 |       0 |   56055 |   0.0 |       0 |      87 |   0.0 |  1318
      Vaults:4 |       0 |   50474 |   0.0 |       0 |      79 |   0.0 |  1626
      Depths:1 |       0 |   28474 |   0.0 |       0 |      31 |   0.0 |   268
         IceCv |       0 |   10256 |   0.0 |       0 |      24 |   0.0 |   404
               +---------+---------+-------+---------+---------+-------+---------
